 Dungeon Crawl Stone Soup version 0.32-a0-643-ga006e7742e (webtiles) character file.

Game seed: 7708200665417785376

37 ragingrage the Ruffian (level 3, -1/36 HPs)
             Began as a Troll Delver on Mar 8, 2024.
             Slain by an iguana (5 damage)
             ... on level 6 of the Dungeon.
             The game lasted 00:00:33 (94 turns).

ragingrage the Ruffian (Troll Delver)                 Turns: 94, Time: 00:00:34

Health: -1/36      AC:  6    Str: 22    XL:     3   Next: 23%
Magic:  2/2        EV:  9    Int:  6    God:
Gold:   15         SH:  0    Dex: 11    Spells: 2/2 levels left

rFire   . .          .
                       - Unarmed
rCold   . . .        (no shield)
rNeg    . . .        a - +0 robe
rPois   .            (helmet restricted)
rElec   .            (no cloak)
rCorr   .            (gloves unavailable)
SInv    +            (boots unavailable)
Will    .....        (no amulet)
Stlth   ++           (no ring)
HPRegen 1.06/turn    (no ring)
MPRegen 0.08/turn

%: no passive effects
@: no status effects
A: large, unfitting armour, claws 3, regeneration 1, shaggy fur 1, tough skin 1,
iridescent scales 1, see invisible, evolution 1
a: no special abilities


You were on level 6 of the Dungeon.
You visited 1 branch of the dungeon, and saw 3 of its levels.

You collected 15 gold pieces.

Inventory:

Armour
 a - a +0 robe (worn)
Wands
 f - a wand of digging (3)
Scrolls
 b - a scroll of fog
 c - a scroll of revelation
 d - a scroll of fear
Potions
 e - a potion of haste


   Skills:
 - Level 2.4 Fighting
 - Level 1.5 Dodging
 - Level 2.7 Stealth
 + Level 3.7 Unarmed Combat


You had 2 spell levels left.
You didn't know any spells.
Your spell library was empty.

Dungeon Overview and Level Annotations

Branches:
Dungeon (7/15)
 Temple: D:4-7

Altars:


Innate Abilities, Weirdness & Mutations

You are too large for most types of armour.
You have claws for hands.
Your natural rate of healing is unusually fast.
You are covered in fur. (AC +1)
You have tough skin. (AC +1)
You are partially covered in iridescent scales. (AC +2)
You have supernaturally acute eyesight. (SInv)
You have hidden genetic potential.


Message History

The howler monkey hits you but does no damage.
You climb upwards.
There is a stone staircase leading down here.
You scratch the howler monkey.
The howler monkey hits you but does no damage.
You scratch the howler monkey.
The howler monkey hoots and howls with incredible vigour!
You hear a shout!
You hear a bark!
You hear a shout! x2
You hear an angry growl.
You hear a shout!
You hear a bark!
You barely miss the howler monkey. The howler monkey hits you.
You scratch the howler monkey but do no damage.
The howler monkey hits you. x2
You are too injured to fight recklessly!
You claw the howler monkey!
You kill the howler monkey!
A white imp comes into view.
Your Unarmed Combat skill increases to level 3!
You have reached level 2!
You have reached level 3!
Your experience leads to an increase in your attributes!
Increase (S)trength, (I)ntelligence, or (D)exterity?
You feel stronger. x3
Unknown command.
An iguana comes into view.
You scratch the iguana but do no damage.
The iguana bites you!
You scratch the iguana. You scratch the iguana. The iguana bites you.
You scratch the iguana. The iguana closely misses you.
You barely miss the iguana. The iguana bites you!
* * * LOW HITPOINT WARNING * * *
It was a potion of mutation.
You feel extremely strange.
Your vision sharpens.
You feel a hidden potential growing inside you.
Iridescent scales grow over part of your body.
The iguana barely misses you.
Unknown command.
You closely miss the iguana. The iguana barely misses you.
You barely miss the iguana. The iguana bites you.
You die...

#..... #..... #.....
######### #..... ........#
#..... ........# #.....
........# ##.....
........############....<.
........l@..<.............
........##########........
........### ##....#####
..........######.(####
........#.##......#
#########.........#
#####>...........
##................(
#..................


You could see an iguana.

Vanquished Creatures
  A howler monkey (D:6)
1 creature vanquished.

Notes
Turn   | Place    | Note
-------+----------+-------------------------------------------
     0 | D:5      | ragingrage the Troll Delver began the quest for the Orb.
     0 | D:5      | Reached XP level 1. HP: 22/22 MP: 0/0
     1 | D:6      | Noticed a hound
     1 | D:6      | Noticed a black bear
    67 | D:7      | Noticed an iguana
    67 | D:7      | Noticed a howler monkey
    70 | D:7      | Noticed an acid dragon
    79 | D:6      | Killed a howler monkey
    80 | D:6      | Reached skill level 3 in Unarmed Combat
    80 | D:6      | Reached XP level 2. HP: 15/29 MP: 1/1
    80 | D:6      | Reached XP level 3. HP: 18/36 MP: 2/2
    91 | D:6      | HP: 1/36 [iguana (13)]
    92 | D:6      | Gained mutation: You have supernaturally acute eyesight.
                  | (SInv) [potion of mutation]
    92 | D:6      | Gained mutation: You have hidden genetic potential. [potion
                  | of mutation]
    92 | D:6      | Gained mutation: You are partially covered in iridescent
                  | scales. (AC +2) [potion of mutation]
    94 | D:6      | Slain by an iguana

Illustrated notes

Levels and vault maps discovered:
D:5:      layout_cave_pools, ebering_ghost_sewer_f
D:6:      layout_rooms, makhleb_blood_cavern_becter
D:7:      layout_cave_pools, trog_hazing_becter,
          mainiacjoe_overflow_six_doors_small, overflow_temple_1_default,
          nicolae_elyvilon_temple_path, minmay_temple_entry_statues_fountains

Skill      XL: |  1 |
---------------+----+-----
Unarmed Combat | 3 |  3.7
Fighting       | |  2.4
Dodging        | |  1.5
Stealth        | |  2.7

Action                     || total
---------------------------++-------
  Melee: Unarmed           ||    12
    Use: Potion            ||     1
 Armour: Robe              ||     9
  Dodge: Dodged            ||     3

Table legend: (Time is in decaauts)
 A = Elapsed time spent in this place.
 B = Non-inter-level travel time spent in this place.
 C = Inter-level travel time spent in this place.
 D = Time resting spent in this place.
 E = Time spent auto-exploring this place.
 F = Levels seen in this place.
 G = Mean time per level.
                   A        B        C        D        E       F      G
               +--------+--------+--------+--------+--------+-----+--------+
         Total |     93 |     93 |      0 |      0 |     25 |   3 |   31.0 |
       Dungeon |     93 |     93 |      0 |      0 |     25 |   3 |   31.0 |
               +--------+--------+--------+--------+--------+-----+--------+

Top non-repeatable levels by time:
     D:6: 48 daAuts
     D:5: 37 daAuts
     D:7: 7 daAuts
